 Dungeon Crawl Stone Soup version 0.30.1-11-g7821555f0a (webtiles) character file.

Game seed: 12345003087357263428

502200 Nonny the Merfolkian Blade (level 24, -10/214 HPs)
             Began as a Merfolk Berserker on Nov 26, 2023.
             Was a High Priest of Trog.
             Mangled by a nargun (27 damage)
             ... on level 6 of Cocytus on Nov 27, 2023.
             The game lasted 03:51:58 (51742 turns).

Nonny the Merfolkian Blade (Merfolk Berserker)     Turns: 51742, Time: 03:51:59

Health: -10/214    AC: 21    Str: 18    XL:     24   Next: 93%
Magic:  6/6        EV: 31    Int:  9    God:    Trog [*****.]
Gold:   2213       SH: 39    Dex: 26    Spells: 23/23 levels left

rFire   + + .        s - +6 scimitar (antimagic)
rCold   + + .        Q - +8 tower shield
rNeg    + . .        c - +4 leather armour "Ischieri" {rF+ rC++}
rPois   .            Y - +2 helmet
rElec   +            N - scarf {rC+ rF+}
rCorr   .            M - +2 pair of gloves {hurl}
SInv    .            e - +2 pair of boots
Will    +++..        j - amulet of reflection
Stlth   ++++         h - ring of positive energy
HPRegen 1.55/turn    p - ring of the Endless Expanse {rElec rC- AC+4 Int+2 Dex+3}
MPRegen 0.10/turn

%: reflection
@: marked, strong-willed, regenerating, studying 3 skills, unable to drink
A: (nimble swimmer 2), mertail, fangs 1, subdued magic 1, [low MP 1]
}: 3/15 runes: serpentine, barnacled, silver
a: Renounce Religion, Berserk, Trog's Hand, Brothers in Arms


You were on level 6 of Cocytus.
You worshipped Trog.
Trog was extremely pleased with you.
You visited 11 branches of the dungeon, and saw 46 of its levels.
You visited the Abyss 2 times.
You also visited: Gauntlet.

You collected 5458 gold pieces.
You spent 3245 gold pieces at shops.

Inventory:

Hand Weapons
 a - a +8 double sword of flaming
 s - a +6 antimagic scimitar (weapon)
Missiles
 g - 9 javelins
 n - 20 atropa-tipped darts
 C - 29 boomerangs (quivered)
 E - 4 throwing nets
 G - 6 curare-tipped darts
 P - 11 silver javelins
 V - 5 boomerangs of dispersal
Armour
 c - the +4 leather armour "Ischieri" (worn) {rF+ rC++}
   (You found it on level 5 of the Dungeon)

   rF:        It protects you from fire.
   rC:        It greatly protects you from cold.
 e - a +2 pair of boots (worn)
 A - the +4 cloak of Mental Paralysis {Str+4 Stlth+}
   (You acquired it on level 9 of the Dungeon)

   Str:       It affects your strength (+4).
   Stlth:     It makes you more stealthy.
 M - a +2 pair of gloves of hurling (worn)
 N - a scarf of resistance (worn)
 Q - a +8 tower shield (worn)
 Y - a +2 helmet (worn)
Jewellery
 f - a ring of see invisible
 h - a ring of positive energy (left hand)
 j - an amulet of reflection (around neck)
 p - the ring of the Endless Expanse (right hand) {rElec rC- AC+4 Int+2 Dex+3}
   (You took it off a deep elf blademaster on level 2 of the Elven Halls)

   [ring of protection]

   AC:        It affects your AC (+4).
   Int:       It affects your intelligence (+2).
   Dex:       It affects your dexterity (+3).
   rC:        It makes you vulnerable to cold.
   rElec:     It insulates you from electricity.
 r - a ring of protection from fire
 L - the ring of Zaax {*Slow rElec rPois Will+ Stlth+}
   (You found it in a Gauntlet)

   [ring of willpower]

   rElec:     It insulates you from electricity.
   rPois:     It protects you from poison.
   *Slow:     It may slow you when you take damage.
   Will:      It increases your willpower.
   Stlth:     It makes you more stealthy.
 X - the ring "Zaagy" {rCorr Str+3}
   (You took it off a deep elf demonologist on level 3 of the Elven Halls)

   [ring of resist corrosion]

   Str:       It affects your strength (+3).
   rCorr:     It protects you from acid and corrosion.
Wands
 i - a wand of digging (18)
 t - a wand of polymorph (10)
 w - a wand of mindburst (31)
 B - a wand of roots (24)
 F - a wand of charming (35)
 K - a wand of light (23)
 R - a wand of flame (39)
Scrolls
 o - 7 scrolls of fear
 q - 8 scrolls of teleportation
 D - 2 scrolls of silence
 H - 3 scrolls of poison
 I - 2 scrolls of blinking
 J - a scroll of fog
 S - 8 scrolls of magic mapping
Potions
 b - 3 potions of cancellation
 d - 2 potions of invisibility
 k - 3 potions of resistance
 m - 6 potions of haste
 u - 5 potions of flight
 v - 5 potions of mutation
 x - 3 potions of berserk rage
 O - 19 potions of curing
 T - 7 potions of might
 Z - 3 potions of heal wounds
Miscellaneous
 l - a phial of floods
 y - a phantom mirror
 U - a tin of tremorstones (2/2)
 W - a box of beasts


   Skills:
 + Level 23.3 Fighting
 + Level 23.6 Long Blades
 * Level 13.4 Throwing
 - Level 6.0 Armour
 - Level 20.8 Dodging
 * Level 8.0 Stealth
 - Level 23.0 Shields
 - Level 9.0 Evocations


You had 23 spell levels left.
You didn't know any spells.
Your spell library contained the following spells:

 Spells                   Type           Power      Damage    Failure   Level
 Fireball                 Conj/Fire      0%         3d3       100%        5
 Iskenderun's Battlesphe  Conj           0%         2d6       100%        5
 Conjure Ball Lightning   Conj/Air       0%         3x3d6     100%        6
 Orb of Destruction       Conj           0%         9d5       100%        7


Dungeon Overview and Level Annotations

Branches:
Dungeon (15/15)            Temple (1/1) D:5            Lair (5/5) D:9
 Shoals (4/4) Lair:3        Snake (4/4) Lair:2        Slime (0/5) Lair:4
    Orc (2/2) D:9             Elf (3/3) Orc:2        Vaults (5/5) D:14
  Crypt (0/3) Vaults:2     Depths (1/4) D:15           Hell (visited)
    Coc (4/7) Hell        Gauntlet (visited)
    Dis: Hell:1         Geh: Hell:1         Tar: Hell:1

Altars:
Ashenzari
Cheibriados
Dithmenos
Elyvilon
Fedhas
Gozag
Hepliaklqana
Kikubaaqudgha
Makhleb
Nemelex Xobeh
Okawaru
Qazlal
Ru
Sif Muna
Trog
Uskayaw
Vehumet
Wu Jian
Xom
Yredelemnul
Zin
The Shining One
Jiyva

Shops:
D:1 [   D:3 :   D:7 ?   D:8 *   D:10 (   Orc:2 !*?(=   Elf:1 :   Shoals:1 =
Snake:1 (   Vaults:3 ![[?   Vaults:5 :   Depths:1 ::=

Portals:
Hell: Depths:1
Abyss: Depths:1
Pandemonium: Orc:2
Ziggurat: Depths:1
Trove: Elf:2 (give +6 demon whip)

Annotations:
Snake:4 1 runed translucent door, Nonny's ghost, adept TrEE
Coc:2 dire elephant


Innate Abilities, Weirdness & Mutations

((You are very nimble when in or above water. (Stealth+, EV+, Speed+++)))
Your lower body shifts to a powerful aquatic tail in water.
You have very sharp teeth.
Your spells are a little easier to cast, but a little less powerful.
[Your magical capacity is low. (-10% MP)]


Message History

The Ice Fiend's magic leaks into the air.
The Ice Fiend is heavily wounded.
You resist with almost no effort.
Unknown command.
Unknown command.
You slash the nargun!
The nargun is heavily damaged.
You block the Ice Fiend's attack. x2
Unknown command.
Unknown command.
You slice the Ice Fiend!!
The Ice Fiend's magic leaks into the air.
The Ice Fiend is heavily wounded.
You block the nargun's attack. x2; The Ice Fiend falters for a moment.
Unknown command.
Unknown command.
You slash the Ice Fiend!
The Ice Fiend's magic leaks into the air.
The Ice Fiend is severely wounded.
You block the nargun's attack. x2
Unknown command.
Unknown command.
Unknown command.
Unknown command.
Unknown command.
You barely miss the Ice Fiend.
The Ice Fiend is severely wounded.
The Ice Fiend calls on the powers of darkness!
The frost giant convulses!
Your body is wracked with pain!
* * * LOW HITPOINT WARNING * * *
The frost giant gestures at you while chanting.
The bolt of cold hits the nargun.
The nargun completely resists.
The bolt of cold misses you.
Unknown command.
Unknown command.
You slice the Ice Fiend!!
You kill the Ice Fiend!
Trog accepts your kill. The nargun hits you!!
You die...

.....2...##..
..1....Z##...
.#§§#.....Z..≈ ##
.§E.#......###
#.##§..##.≈....#.#
§E§§E##.≈§≈.....#
##ZRZ##..≈≈##....#
#§9CE§..≈≈≈. ...
#@#§§§.≈#≈≈.. .
###§§§≈≈≈≈≈≈..
#############


You could see a frost giant, a wendigo, a nargun and a spriggan defender
simulacrum.

Vanquished Creatures
  2 dread liches (Vaults:5)
  3 shard shrikes (Coc:4)
  Bai Suzhen (Vaults:5)
  Geryon (Hell)
  2 golden dragons (Vaults:5)
  Jorgrun (D:13)
  4 tentacled monstrosities (Vaults:5)
  2 Ice Fiends
  2 liches
  A deep elf blademaster (Elf:2)
  3 quicksilver dragons
  5 titans
  A deep elf master archer (Elf:3)
  Frances (D:13)
  7 sphinxes
  Polyphemus (Shoals:3)
  2 tengu reavers
  3 tentacled starspawn (Abyss:3)
  A shadow dragon (Vaults:5)
  Donald (Shoals:2)
  Agnes (D:15)
  8 nagarajas
  Ilsuiw (Shoals:2)
  Roxanne (D:15)
  A storm dragon (Vaults:5)
  A nargun (Coc:1)
  6 frost giants
  4 fire giants
  20 vault wardens
  An iron dragon (Vaults:5)
  9 deep elf sorcerers
  5 shard shrike simulacra
  A ghoul (Vaults:2)
  2 reapers (Hell)
  11 stone giants
  18 ironbound preservers
  4 deep elf elementalists (Elf:3)
  2 orc warlords
  3 war gargoyles
  11 very ugly things
  2 ironbound thunderhulks
  7 deep elf demonologists
  8 elemental wellsprings
  11 deep elf annihilators
  A minotaur (Gauntlet)
  Nessos (D:14)
  12 dire elephants
  2 wendigos
  6 deep elf death magi
  7 ettins
  Snorg (D:10)
  Josephine (Lair:5)
  3 deep elf high priests (Elf:3)
  A kraken zombie (Hell)
  2 blizzard demons (Hell)
  A merfolk javelineer (Shoals:2)
  6 fire dragons
  A crystal guardian (Vaults:4)
  9 merfolk impalers
  5 great orbs of eyes
  3 ice dragons
  9 yaktaur captains
  3 entropy weavers
  8 ironbound frosthearts
  2 juggernaut simulacra
  7 hydras
  3 rakshasas (Depths:1)
  27 vault guards
  8 anacondas
  A catoblepas (Shoals:3)
  A hydra (shapeshifter) (Vaults:5)
  A spriggan air mage (Depths:1)
  6 centaur warriors
  2 demonspawn (Orc:2)
  A caustic shrike simulacrum (Coc:4)
  A salamander tyrant (Snake:2)
  2 merfolk avatars
  A peacekeeper (Vaults:4)
  An ogre mage (D:15)
  An alligator snapping turtle (Shoals:4)
  2 merfolk aquamancers
  4 two-headed ogres
  7 boulder beetles
  24 dancing weapons
  13 satyrs (Shoals:4)
  2 deep troll shamans
  6 deep troll earth magi
  A vampire mage (Vaults:2)
  15 naga sharpshooters
  5 shock serpents
  15 death yaks
  17 naga warriors
  8 orc high priests
  16 deep elf knights
  2 soul eaters (Hell)
  5 sun demons (Hell)
  A skyshark (shapeshifter) (Elf:3)
  3 wretched stars (Abyss:3)
  A fire crab (Gauntlet)
  6 skysharks
  2 iron trolls (Depths:1)
  11 skeletal warriors
  9 sea snakes
  A spark wasp zombie (Hell)
  6 salamander mystics
  6 naga ritualists
  A sixfirhy (Abyss:3)
  64 deep trolls
  7 wizards
  A swamp dragon (Lair:5)
  An anaconda skeleton (Hell)
  Pikel (D:4)
  3 orange crystal statues
  A spriggan simulacrum (Coc:2)
  11 deep elf archers
  2 fenstrider witch simulacra (Coc:1)
  14 lindwurms
  A tengu zombie (Vaults:5)
  18 harpies
  12 ironbound convokers
  8 phantasmal warriors
  8 mana vipers
  A lindwurm (shapeshifter) (Depths:1)
  2 necromancers
  22 deep elf zephyrmancers
  2 wolf spiders
  11 orc knights
  18 salamanders
  15 manticores
  A stone giant zombie (Hell)
  4 orc sorcerers
  31 deep elf pyromancers
  The ghost of chicagocrazy the Covert, a novice OpBr (D:6)
  A worldbinder (Abyss:3)
  9 cyclopes
  20 fauns
  47 ugly things
  12 elephants
  12 merfolk sirens
  6 guardian serpents
  2 rust devils
  An apocalypse crab (Abyss:3)
  11 naga magi
  33 black mambas
  A demonic crawler (Hell)
  4 water nymphs
  13 vault sentinels
  3 gargoyles
  3 smoke demons
  2 ice statues (Hell)
  A torpor snail (Gauntlet)
  20 cane toads
  Maggie (D:7)
  A spriggan zombie (Hell)
  A yaktaur zombie (Vaults:5)
  37 yaktaurs
  7 rime drakes
  A sea snake zombie (Hell)
  3 unseen horrors
  13 komodo dragons
  2 komodo dragons (shapeshifter)
  9 freezing wraiths
  An anaconda simulacrum (Coc:3)
  An iron giant simulacrum (Coc:1)
  7 tengu conjurers
  33 merfolk
  5 trolls
  A red devil (Orc:2)
  3 hydra zombies (Hell)
  4 tyrant leeches (Depths:1)
  A polar bear (Lair:4)
  3 meliai (D:15)
  3 wind drakes
  Grinder (D:3)
  3 hornets
  A large abomination (Abyss:3)
  26 blink frogs
  13 dream sheep
  A raiju (Abyss:3)
  13 snapping turtles
  2 stone giant simulacra
  Sigmund (D:4)
  14 slime creatures
  2 spriggans (shapeshifter) (Vaults:5)
  2 air elementals
  A dire elephant simulacrum (Coc:1)
  A shadow (D:6)
  8 wraiths
  10 water elementals
  4 vampires
  14 wyverns
  2 basilisks
  43 yaks
  6 fire bats (Gauntlet)
  7 starcursed masses (Abyss:3)
  Eustachio (D:4)
  3 fire elementals
  Grum (D:10)
  3 vampire mosquitoes (D:13)
  28 nagas
  4 redbacks
  A neqoxec (Abyss:3)
  2 wargs
  2 steam dragons
  7 harpy simulacra
  Menkaure (D:4)
  4 acid dragons
  3 hell hounds (Gauntlet)
  30 water moccasins
  4 hydra simulacra
  A floating eye (shapeshifter) (Vaults:2)
  3 swamp drakes (Lair:5)
  3 ice beasts
  An alligator simulacrum (Hell)
  5 black bears
  2 ettin simulacra (Coc:1)
  48 orc warriors
  3 sky beasts (D:7)
  5 ogres
  4 boggarts (Vaults:1)
  8 centaurs
  7 wolves
  A phantom (D:4)
  3 kobold brigands
  A lemure (D:3)
  16 bullfrogs
  A naga simulacrum (Coc:1)
  2 earth elementals
  3 scorpions
  A gnoll sergeant (D:9)
  15 wights
  16 killer bees
  A howler monkey (D:10)
  5 electric eels
  4 quasits (D:6)
  5 hounds (D:5)
  A jelly (D:5)
  2 gnoll boudas
  33 orc priests
  Crazy Yiuf (D:4)
  3 iguanas
  27 orc wizards
  2 sleepcaps
  6 hell rats
  17 gnolls
  8 adders
  3 shadow imps
  2 white imps (D:6)
  3 worms
  2 dart slugs
  103 orcs
  5 ball pythons
  7 endoplasms
  A giant cockroach (shapeshifter) (Elf:3)
  5 giant cockroaches
  5 goblins
  10 hobgoblins
  21 jackals
  3 quokkas
  3 training dummies (Snake:1)
  3 bats
  2 frilled lizards
  17 kobolds
  5 rats
  A starspawn tentacle (Abyss:3)
  A tentacle (Hell)
1851 creatures vanquished.

Vanquished Creatures (collateral kills)
  A golden dragon (Vaults:5)
  A sphinx (Shoals:4)
  A nagaraja (Snake:4)
  The ghost of Maloq the Earth Mage, a journeyman GrEE of Sif Muna (D:15)
  A deep elf sorcerer (Elf:3)
  A vault warden (Vaults:3)
  A cacodemon (Hell)
  An ironbound preserver (Vaults:3)
  An ironbound thunderhulk (Vaults:4)
  A stone giant (Vaults:5)
  A minotaur (D:15)
  A great orb of eyes (Vaults:4)
  A hydra (D:15)
  A vault guard (Vaults:3)
  An anaconda (Snake:4)
  2 ironbound frosthearts (Vaults:1)
  A centaur warrior (D:15)
  2 dancing weapons (Elf:2)
  3 naga warriors (Snake:4)
  3 deep elf knights (Elf:2)
  2 orc high priests (Orc:2)
  A sixfirhy (Hell)
  4 deep trolls
  A glowing orange brain (Abyss:3)
  An ironbound convoker (Vaults:4)
  A phantasmal warrior (Vaults:3)
  An orc knight (Vaults:1)
  A deep elf zephyrmancer (Elf:2)
  2 orc sorcerers (Orc:2)
  A frost giant zombie (Hell)
  2 deep elf pyromancers (Elf:3)
  An ugly thing (Vaults:3)
  A moth of wrath (shapeshifter) (Abyss:3)
  A salamander (Snake:4)
  4 vault sentinels
  A guardian serpent (Snake:4)
  3 naga magi (Snake:4)
  A rust devil (Hell)
  A yaktaur zombie (Vaults:4)
  An elf skeleton (Vaults:5)
  A yaktaur (Vaults:3)
  A merfolk (Shoals:4)
  A slime creature (Vaults:4)
  A snapping turtle (Shoals:4)
  A neqoxec (Abyss:3)
  A warg (Orc:1)
  2 glowing shapeshifter skeletons (Vaults:4)
  A human zombie (Vaults:4)
  An ogre (Orc:1)
  A lurking horror (Abyss:3)
  A starspawn tentacle (Abyss:3)
69 creatures vanquished.

Vanquished Creatures (others)
  2 shard shrike simulacra (Coc:6)
  3 elemental wellsprings
  2 caustic shrike simulacra (Coc:6)
  3 deep elf knights
  A deep elf zephyrmancer (Elf:2)
  An elephant (Lair:5)
  A titan simulacrum (Coc:2)
  A hellion (Coc:6)
  A tengu conjurer (D:13)
  A hydra zombie (Hell)
  A stone giant simulacrum (Coc:6)
  A harpy simulacrum (Coc:1)
  A hydra simulacrum (Coc:1)
  A kobold (D:10)
  3 starspawn tentacles (Abyss:3)
  A tentacle (Hell)
24 creatures vanquished.

Grand Total: 1944 creatures vanquished

Notes
Turn   | Place    | Note
-------+----------+-------------------------------------------
     0 | D:1      | Nonny the Merfolk Berserker began the quest for the Orb.
     0 | D:1      | Reached XP level 1. HP: 18/18 MP: 1/1
   113 | D:1      | +1 pair of boots east of start.
   115 | D:1      | Reached XP level 2. HP: 24/24 MP: 2/2
   148 | D:1      | Reached skill level 1 in Stealth
   148 | D:1      | Found Veisuw's Antique Armour Boutique.
   774 | D:2      | Reached XP level 3. HP: 15/29 MP: 3/3
   797 | D:2      | Found a faded altar of an unknown god.
   802 | D:2      | Reached ** piety under Trog
   954 | D:2      | Reached skill level 5 in Long Blades
   954 | D:2      | Reached XP level 4. HP: 35/35 MP: 4/4
  1439 | D:3      | Reached XP level 5. HP: 28/41 MP: 5/5
  1582 | D:3      | Noticed Grinder
  1604 | D:3      | Killed Grinder
  1605 | D:3      | Reached XP level 6. HP: 25/47 MP: 6/6
  1767 | D:3      | Found Ylunky's Book Emporium.
  2389 | D:4      | Reached skill level 5 in Dodging
  2518 | D:4      | Noticed Pikel
  2524 | D:4      | Noticed Menkaure
  2687 | D:4      | Killed Menkaure
  2688 | D:4      | Reached XP level 7. HP: 42/52 MP: 7/7
  2832 | D:4      | Killed Pikel
  2833 | D:4      | Reached skill level 1 in Shields
  2833 | D:4      | Reached XP level 8. HP: 39/58 MP: 8/8
  2922 | D:4      | Found an opulent altar of Gozag.
  2946 | D:4      | You fall into a shaft and drop 1 floor!
  2946 | D:5      | Entered Level 5 of the Dungeon
  2948 | D:5      | Identified the +4 leather armour "Ischieri" {rF+ rC++}
  3032 | D:4      | Noticed Sigmund
  3055 | D:4      | Killed Sigmund
  3159 | D:4      | Reached skill level 10 in Long Blades
  3253 | D:4      | Identified the +11 war axe of Blind Justice {heavy, Str-2
                  | Int+3 Dex+3}
  3581 | D:4      | Found a runed translucent door.
  3582 | D:4      | Noticed Crazy Yiuf
  3592 | D:4      | Killed Crazy Yiuf
  3858 | D:5      | Noticed Eustachio
  4023 | D:4      | Reached XP level 9. HP: 49/66 MP: 9/9
  4174 | D:4      | Killed Eustachio
  4278 | D:5      | Reached *** piety under Trog
  4344 | D:5      | amulet of reflection in easr
  4467 | D:5      | Found a staircase to the Ecumenical Temple.
  4492 | Temple   | Entered the Ecumenical Temple
  4769 | D:5      | Found a shimmering altar of Xom.
  4818 | D:6      | Found a stormy altar of Qazlal.
  4957 | D:6      | Reached skill level 5 in Fighting
  5241 | D:6      | Found a transporter.
  5243 | D:6      | Noticed chicagocrazy's ghost (novice OpBr)
  5252 | D:6      | Found a transporter.
  5333 | D:6      | Killed chicagocrazy's ghost
  5334 | D:6      | Reached skill level 10 in Dodging
  5567 | D:6      | Reached XP level 10. HP: 76/76 MP: 10/10
  5851 | D:7      | Identified the +7 plate armour of the Pear {Rampage rCorr
                  | Stlth+}
  5963 | D:7      | Noticed Maggie
  5993 | D:7      | Killed Maggie
  6039 | D:7      | Found Riuf's Magic Scroll Shop.
  6047 | D:7      | Bought a scroll of brand weapon for 123 gold pieces
  6049 | D:7      | Bought a scroll of magic mapping for 97 gold pieces
  6049 | D:7      | Bought a scroll of fear for 52 gold pieces
  6510 | D:7      | Reached skill level 5 in Shields
  6576 | D:7      | Southeastern tree and water vault. Enemies are orc band
                  | with warrior and priest, sky beasts, and electric eel. Has
                  | good scrolls.
  7453 | D:8      | Found Ocusasch's General Store.
  7460 | D:8      | Bought a potion of invisibility for 80 gold pieces
  7828 | D:9      | Found a staircase to the Lair.
  7829 | D:9      | orc warrior lair entrance
  7850 | Lair:1   | Entered Level 1 of the Lair of Beasts
  7880 | Lair:1   | Reached XP level 11. HP: 84/84 MP: 11/11
  7887 | Lair:1   | Found a gate leading to a gauntlet.
  7975 | Lair:1   | Reached **** piety under Trog
  8002 | Lair:1   | Gauntlet entrance just northeast of Lair entrance. Note
                  | that there are a lot of enemies in the area, such as blink
                  | frogs and yaks. I cleared them out with immolation scroll
                  | in corridor northwest of Lair entrance.
  8003 | Gauntlet | Entered a Gauntlet
  8003 | Gauntlet | Found a transporter.
  8003 | Gauntlet | Found a transporter.
  8014 | Gauntlet | Noticed a wizard
  8015 | Gauntlet | Found a transporter.
  8121 | Gauntlet | Found a transporter.
  8126 | Gauntlet | Noticed a wretched star
  8131 | Gauntlet | Found a transporter.
  8135 | Gauntlet | Found a transporter.
  8135 | Gauntlet | Noticed a fire crab
  8137 | Gauntlet | Noticed an entropy weaver
  8145 | Gauntlet | Found a transporter.
  8150 | Gauntlet | Found a transporter.
  8154 | Gauntlet | Noticed a death yak
  8155 | Gauntlet | Noticed a death yak
  8156 | Gauntlet | Noticed a death yak
  8158 | Gauntlet | Noticed a death yak
  8169 | Gauntlet | Found a transporter.
  8173 | Gauntlet | Found a transporter.
  8183 | Gauntlet | Found a transporter.
  8187 | Gauntlet | Found a transporter.
  8335 | Gauntlet | Killed a wizard
  8459 | Gauntlet | Killed a fire crab
  8592 | Gauntlet | Identified the ring of Zaax {*Slow rElec rPois Will+
                  | Stlth+}
  8619 | Gauntlet | Killed a death yak
  8620 | Gauntlet | Killed a death yak
  8620 | Gauntlet | Killed a death yak
  8623 | Gauntlet | Killed a death yak
  8624 | Gauntlet | Reached XP level 12. HP: 72/93 MP: 12/12
  8660 | Gauntlet | +2 pair of gloves of hurling
  8703 | Gauntlet | Noticed a minotaur
  8758 | Gauntlet | Killed a minotaur
  8759 | Gauntlet | Used up all my curing potions to survive. :)
  8925 | Gauntlet | Identified the +6 quick blade "Ejeozew" {flame, rC+ Int+3}
  9692 | Lair:2   | Noticed a death yak
  9721 | Lair:2   | Noticed a death yak
  9721 | Lair:2   | Noticed a death yak
  9745 | Lair:2   | Killed a death yak
  9762 | Lair:2   | Reached skill level 10 in Shields
  9791 | Lair:2   | Killed a death yak
  9853 | Lair:2   | Killed a death yak
  9963 | Lair:2   | Noticed a six-headed hydra
 10349 | Lair:3   | Found a staircase to the Shoals.
 10484 | Lair:3   | Reached ***** piety under Trog
 10573 | Lair:3   | Reached XP level 13. HP: 101/101 MP: 13/13
 10781 | Lair:3   | Reached skill level 1 in Throwing
 11266 | Lair:4   | Found a staircase to the Slime Pits.
 11266 | Lair:4   | Found a viscous altar of Jiyva.
 12116 | Lair:5   | Entered Level 5 of the Lair of Beasts
 12322 | Lair:5   | Reached skill level 10 in Fighting
 12703 | D:9      | Identified a scroll of acquirement
 12704 | D:9      | Acquired the +4 cloak of Mental Paralysis {Str+4 Stlth+}
 12783 | D:9      | Found a broken altar of Ashenzari.
 12814 | D:9      | Found a staircase to the Orcish Mines.
 12852 | D:9      | Found a burning altar of Makhleb.
 13340 | D:10     | Entered Level 10 of the Dungeon
 13340 | D:10     | Noticed Snorg
 13359 | D:10     | Killed Snorg
 13369 | D:10     | Found Goqaez's Antique Weapon Shoppe.
 13768 | D:10     | Noticed Grum
 13774 | D:10     | Received a gift from Trog
 13783 | D:10     | Killed Grum
 13944 | Orc:1    | Entered Level 1 of the Orcish Mines
 13970 | Orc:2    | Entered Level 2 of the Orcish Mines
 13971 | Orc:2    | Pandemonium vault.
 13977 | Orc:2    | Reached XP level 14. HP: 111/111 MP: 14/14
 13984 | Orc:2    | Noticed an orc warlord
 14031 | Orc:1    | Killed an orc warlord
 14314 | Orc:2    | Found a staircase to the Elven Halls.
 14425 | Orc:2    | Found Pythry's Distillery.
 14433 | Orc:2    | Bought a potion of curing for 39 gold pieces
 14433 | Orc:2    | Bought a potion of haste for 130 gold pieces
 14433 | Orc:2    | Bought a potion of heal wounds for 65 gold pieces
 14461 | Orc:2    | Found Qigretz's General Store.
 14524 | Orc:2    | Found Lesorgh's Magic Scroll Shoppe.
 14543 | Orc:2    | Reached skill level 5 in Throwing
 14589 | Orc:2    | Bought a potion of berserk rage for 70 gold pieces
 14589 | Orc:2    | Bought a scroll of teleportation for 42 gold pieces
 14591 | Orc:2    | Bought a scroll of teleportation for 42 gold pieces
 14591 | Orc:2    | Bought 2 scrolls of poison for 112 gold pieces
 14827 | Orc:2    | Received a gift from Trog
 14857 | Orc:2    | Reached skill level 15 in Shields
 15254 | Orc:2    | Paralysed by an orc sorcerer for 2 turns
 15269 | Orc:2    | Found Ruxaweeg's Antique Weapon Shop.
 15269 | Orc:2    | Found a one-way gate leading to the halls of Pandemonium.
 15269 | Orc:2    | Found Takk's Jewellery Boutique.
 16264 | D:11     | Found the +10 zealot's sword {holy, Zealotry, *Rage rN+
                  | EV+3}
 16266 | D:11     | orange crystal statue with loot in the west
 16298 | D:11     | Identified the +3 shortbow of Ashenzari's Wrath {heavy, rF+
                  | rC+ rN+}
 17105 | D:12     | Reached XP level 15. HP: 119/119 MP: 15/15
 18131 | D:13     | Noticed Frances
 18137 | D:13     | Noticed Jorgrun
 18174 | D:13     | Killed Frances
 18178 | D:13     | Killed Jorgrun
 18378 | D:13     | This floor is wide open, with its upstairs in the east and
                  | the downstairs in the center. Uniques and other dangerous
                  | enemies spawn in the western half. Downhatch in northwest,
                  | uphatch in south. My time here was chaotic; poison scrolls
                  | took care of Frances and Jorgrun, among other enemies.
 18664 | D:14     | Noticed Nessos
 18675 | D:14     | Killed Nessos
 18859 | D:14     | Found a gate to the Vaults.
 19268 | D:14     | Received a gift from Trog
 19507 | D:15     | Entered Level 15 of the Dungeon
 19587 | D:15     | Found a staircase to the Depths.
 19664 | D:15     | Noticed Roxanne
 19750 | D:15     | Reached skill level 5 in Armour
 19843 | D:15     | Reached XP level 16. HP: 63/127 MP: 16/16
 19850 | D:15     | Noticed Agnes
 19866 | D:15     | Killed Agnes
 20046 | D:15     | Killed Roxanne
 20152 | D:15     | Found a runed translucent gate.
 20154 | D:15     | Found a runed translucent gate.
 20155 | D:15     | Found a runed translucent gate.
 20186 | D:15     | Noticed Maloq's ghost (journeyman GrEE)
 21010 | Lair:2   | Found a staircase to the Snake Pit.
 22078 | Lair:5   | Noticed Josephine
 22092 | Lair:5   | Killed Josephine
 22135 | Lair:5   | Received a gift from Trog
 23226 | Shoals:1 | Entered Level 1 of the Shoals
 23317 | Shoals:1 | Reached skill level 1 in Evocations
 23487 | Shoals:1 | Found Xuaheh's Jewellery Emporium.
 23498 | Shoals:1 | Reached XP level 17. HP: 101/137 MP: 17/17
 23515 | Shoals:1 | Bought the ring of Moebb {Str-5 Int+8 Dex+6} for 640 gold
                  | pieces
 23521 | Shoals:1 | Bought an amulet of regeneration for 390 gold pieces
 23521 | Shoals:1 | Bought a ring of poison resistance for 260 gold pieces
 24322 | Shoals:2 | Received a gift from Trog
 24430 | Shoals:2 | Noticed Ilsuiw
 24456 | Shoals:2 | Killed Ilsuiw
 24858 | Shoals:2 | Noticed Donald
 24887 | Shoals:2 | Killed Donald
 25724 | Shoals:3 | Noticed Polyphemus
 25755 | Shoals:3 | Killed Polyphemus
 26168 | Shoals:3 | frost giant
 26172 | Shoals:3 | Reached skill level 5 in Evocations
 26246 | Shoals:3 | Noticed a titan
 26258 | Shoals:3 | giants vault at center of floor
 26276 | Shoals:3 | Killed a titan
 26276 | Shoals:3 | Received a gift from Trog
 26393 | Shoals:4 | Entered Level 4 of the Shoals
 26589 | Shoals:4 | Full floor vault.
 26790 | Shoals:4 | Reached XP level 18. HP: 93/147 MP: 18/18
 27101 | Shoals:4 | Identified the +2 robe "Feygon" {Int+3 Stlth+}
 27674 | Shoals:4 | Got a barnacled rune of Zot
 28155 | Snake:1  | Entered Level 1 of the Snake Pit
 28185 | Snake:1  | Received a gift from Trog
 28186 | Snake:1  | Reached skill level 15 in Fighting
 28305 | Snake:1  | Found Xocemoekh's Firing Range.
 28409 | Snake:1  | Bought a throwing net for 36 gold pieces
 29100 | Snake:1  | Found an ancient bone altar of Kikubaaqudgha.
 30149 | Snake:2  | You fall into a shaft and drop 1 floor!
 30616 | Snake:3  | Reached XP level 19. HP: 148/155 MP: 19/19
 30729 | Snake:3  | Reached ****** piety under Trog
 31237 | Snake:4  | Entered Level 4 of the Snake Pit
 31261 | Snake:3  | Snake Pit:3 is a floor consisting of wide open halls of
                  | stone walls.
 31432 | Snake:4  | Found a runed translucent door.
 31432 | Snake:4  | Found a shimmering altar of Xom.
 31586 | Snake:4  | Noticed Nonny's ghost (adept TrEE)
 31707 | Snake:4  | Received a gift from Trog
 32021 | Snake:4  | Vault with TONS OF dudes but no rune. At least it is
                  | accessed via a few chokepoints.
 32414 | Snake:4  | Reached skill level 15 in Long Blades
 32476 | Snake:4  | Reached skill level 15 in Dodging
 32589 | Snake:4  | Received a gift from Trog
 32960 | Snake:4  | Got a serpentine rune of Zot
 32973 | Snake:4  | Rune vault in northeast. I think it has slightly more dudes
                  | than the southern vault.
 33272 | D:15     | Killed Maloq's ghost
 33367 | Vaults:1 | Entered Level 1 of the Vaults
 33816 | Vaults:1 | Reached XP level 20. HP: 109/167 MP: 20/20
 34683 | Vaults:1 | Received a gift from Trog
 35435 | Vaults:2 | Found a staircase to the Crypt.
 36186 | Vaults:2 | Identified the +2 plate armour of Immorality {rF+ rC+
                  | Str+5}
 36612 | Vaults:3 | Found Heast's Antique Armour Shoppe.
 36612 | Vaults:3 | Found Haenetus's Armour Shop.
 36615 | Vaults:3 | Bought a pair of embroidered boots for 307 gold pieces
 36679 | Vaults:3 | Found Wehay's Distillery.
 36684 | Vaults:3 | Bought a potion of heal wounds for 110 gold pieces
 36684 | Vaults:3 | Bought a potion of heal wounds for 110 gold pieces
 36684 | Vaults:3 | Bought a potion of curing for 66 gold pieces
 36684 | Vaults:3 | Bought 2 potions of curing for 132 gold pieces
 36684 | Vaults:3 | Bought a potion of curing for 66 gold pieces
 36684 | Vaults:3 | Bought a potion of curing for 66 gold pieces
 36694 | Vaults:3 | You fall into a shaft and drop 1 floor!
 36841 | Vaults:4 | Reached XP level 21. HP: 178/178 MP: 21/21
 37366 | Vaults:3 | Received a gift from Trog
 38110 | Vaults:3 | Found Aqalyloc's Magic Scroll Shop.
 38123 | Vaults:3 | Bought a scroll of magic mapping for 105 gold pieces
 38123 | Vaults:3 | Bought a scroll of magic mapping for 105 gold pieces
 39432 | Abyss:2  | Cast into level 2 of the Abyss (a wizard)
 39435 | Abyss:2  | Found a corrupted altar of Lugonu.
 39450 | Vaults:4 | Escaped the Abyss
 39558 | Vaults:5 | Entered Level 5 of the Vaults
 39572 | Vaults:5 | Noticed a dread lich
 39906 | Vaults:5 | Identified the +0 glaive of Inflation {venom, rPois MP-9
                  | Int+3 Stlth+}
 40106 | Vaults:5 | Killed a dread lich
 40111 | Vaults:5 | Reached XP level 22. HP: 190/190 MP: 22/22
 40441 | Vaults:5 | Identified the +0 helmet "Gaaseryo" {rC+ Int-4 Dex+3}
 40607 | Vaults:5 | Noticed a golden dragon
 40616 | Vaults:5 | Reached skill level 5 in Stealth
 40655 | Vaults:5 | Killed a golden dragon
 40849 | Vaults:5 | Noticed a dread lich
 40860 | Vaults:5 | Killed a dread lich
 41175 | Vaults:5 | Noticed a golden dragon
 41201 | Vaults:5 | Killed a golden dragon
 41437 | Vaults:5 | Lich spawns in the absolute southeast corner of Vaults:5.
 41514 | Vaults:5 | Got a silver rune of Zot
 41515 | Vaults:5 | Silver rune in southeast quadrant
 41534 | Vaults:5 | Identified the +6 broad axe "Cegrubbe" {speed, rC++ Will-
                  | Int+5}
 41639 | Vaults:5 | Phantasmal warrior in THE ABSOLUTE nnorthwest corner.
 41674 | Vaults:5 | Noticed a golden dragon
 41683 | Vaults:5 | Killed a golden dragon
 41768 | Vaults:5 | Fake run in northwest quadrant.
 41775 | Vaults:5 | manual of polearms
 42030 | Vaults:5 | Found Xuaq's Book Shoppe.
 42031 | Vaults:5 | Nasty enemies surrounding book shop in northeast quadrant!
 42049 | Vaults:5 | Noticed Bai Suzhen
 42078 | Vaults:5 | Killed Bai Suzhen
 42290 | Vaults:5 | 1600 gold for manual of dodging
 42927 | Elf:1    | Entered Level 1 of the Elven Halls
 42946 | Elf:1    | Reached XP level 23. HP: 200/200 MP: 23/23
 43826 | Elf:1    | Found Baabb's Book Boutique.
 43832 | Elf:1    | 1360 gold for manual of short blades.
 44099 | Elf:2    | Found a portal to a secret trove of treasure.
 44125 | Elf:2    | Received a gift from Trog
 44199 | Elf:2    | Boomerangs > high level conjuration spells. B)
 44557 | Elf:2    | Identified the +0 plate armour of Xom's Supremacy {*Slow
                  | Dex+7 Slay+3 SInv}
 44695 | Elf:2    | Found a runed translucent gate.
 44695 | Elf:2    | Found a runed translucent gate.
 44714 | Elf:2    | Found a runed translucent gate.
 44981 | Elf:2    | Reached skill level 10 in Throwing
 44997 | Elf:2    | Received a gift from Trog
 45615 | Elf:3    | Entered Level 3 of the Elven Halls
 45920 | Elf:3    | Identified the +0 ring mail of the Stonemason {rElec Will+}
 45920 | Elf:3    | Identified the ring of the Endless Expanse {rElec rC- AC+4
                  | Int+2 Dex+3}
 45983 | Elf:3    | Identified the +10 flail of Symmetry {flame, rPois rCorr}
 46345 | Elf:3    | Identified the +6 war axe "Dragonbane" {elec, Drain rElec
                  | rF- Str+6}
 46354 | Elf:3    | Gained mutation: Potions are less effective at restoring
                  | your health. [a neqoxec]
 46517 | Elf:3    | Identified the ring "Zaagy" {rCorr Str+3}
 46731 | Elf:3    | manual of maces and flails
 46734 | Elf:3    | Identified the staff of earth "Weuhovut" {rElec rF++ rCorr
                  | Str-3}
 46742 | Elf:3    | Identified the staff of air "Plog" {Contam rElec rF++ rC+
                  | SInv}
 46748 | Elf:3    | manual of axes
 46751 | Elf:3    | Identified the staff of earth "Somukupenk" {rC+++ Str+2
                  | Int-3 Dex-2}
 46757 | Elf:3    | Identified the staff of poison "Kixtomao" {rPois Dex+3}
 46871 | Elf:3    | Found a shimmering blue altar of Sif Muna.
 46879 | Elf:3    | Received a gift from Trog
 47333 | Abyss:3  | Cast into level 3 of the Abyss (a deep elf sorcerer)
 47401 | Abyss:3  | Reached XP level 24. HP: 163/163 MP: 16/16
 47548 | Abyss:3  | Gained mutation: Armour fits poorly on your strangely
                  | shaped body. [a neqoxec]
 47550 | Abyss:3  | Gained mutation: You are very dopey. (Int -4) [a neqoxec]
 47622 | Elf:3    | Escaped the Abyss
 47746 | Elf:3    | Lost mutation: Armour fits poorly on your strangely shaped
                  | body. [potion of mutation]
 47746 | Elf:3    | Lost mutation: Potions are less effective at restoring your
                  | health. [potion of mutation]
 47746 | Elf:3    | Lost mutation: You are dopey. (Int -2) [potion of mutation]
 47746 | Elf:3    | Gained mutation: You are frail. (-10% HP) [potion of
                  | mutation]
 47747 | Elf:3    | Lost mutation: You are frail. (-10% HP) [potion of
                  | mutation]
 47747 | Elf:3    | Gained mutation: You sometimes lose your temper in combat.
                  | [potion of mutation]
 47747 | Elf:3    | Lost mutation: You sometimes lose your temper in combat.
                  | [potion of mutation]
 47747 | Elf:3    | Gained mutation: You have very sharp teeth. [potion of
                  | mutation]
 48062 | Depths:1 | Entered Level 1 of the Depths
 48069 | Depths:1 | Identified the +7 quarterstaff "Spiderslayer" {drain, rElec
                  | rPois Dex-3 Stlth+}
 48073 | Depths:1 | Lots of tyrant leeches nearby.
 48082 | Depths:1 | Boulder beetles too.
 48102 | Depths:1 | Lots of other enemies will follow!
 48463 | Depths:1 | Found a gateway to Hell.
 48479 | Depths:1 | Found a one-way gate to the infinite horrors of the Abyss.
 48505 | Depths:1 | Found a one-way gateway to a ziggurat.
 48680 | Depths:1 | Found Vumoc's Jewellery Boutique.
 48680 | Depths:1 | Found Ifagewau's Book Emporium.
 48681 | Depths:1 | Found Zerudeud's Book Emporium.
 48689 | Depths:1 | 1600 gold for manual of invocations
 49392 | Hell     | Entered the Vestibule of Hell
 49392 | Hell     | Noticed Geryon
 49703 | Hell     | Killed Geryon
 49838 | Hell     | Found a gateway to the freezing wastes of Cocytus.
 49878 | Hell     | Gained mutation: Your spells are a little easier to cast,
                  | but a little less powerful. [a cacodemon]
 50057 | Coc:1    | Entered Level 1 of Cocytus
 50546 | Coc:1    | First floor has ice fiend. Downstairs in center of floor,
                  | southwards from entrance.
 50741 | Coc:2    | Alarm trap near entrance. Wellspring water covers it,
                  | though. Hope you got some stealth!
 50945 | Coc:2    | Paralysed by a wendigo for 1 turns
 50960 | Coc:2    | Received a gift from Trog
 51127 | Coc:2    | alarm trap in south
 51157 | Coc:2    | This floor also contains a wendigo. Plenty of places to
                  | hide in the west for fliers and merfolk.
 51192 | Coc:3    | Downstairs just west of entrance. Beware of nearby alarm
                  | trap.
 51401 | Coc:4    | Jamboree!
 51414 | Coc:4    | If you're flying or merfolk, blink to the south! There's a
                  | little killhole place here. :)
 51552 | Coc:4    | Noticed a shard shrike
 51554 | Coc:4    | Noticed a shard shrike
 51554 | Coc:4    | Noticed a shard shrike
 51563 | Coc:4    | Killed a shard shrike
 51571 | Coc:4    | Killed a shard shrike
 51586 | Coc:4    | Killed a shard shrike
 51703 | Coc:4    | You fall into a shaft and drop 2 floors!
 51709 | Coc:6    | Noticed a shard shrike
 51710 | Coc:6    | Noticed a shard shrike
 51727 | Coc:6    | Paralysed by a wendigo for 1 turns
 51742 | Coc:6    | Mangled by a nargun

Illustrated notes #..### #....# ####.###### ~~~♣.♣~~~~# ...♣.♣...~# # .P....[♣.~##### ##.# PPP...♣♣♣~#...## .b..# .P..[..♣.♣##.#.###...### ....<........#..@B.....# .P.....P.♣####.###...#.. PPP...PPP~# ...# .## .P.....P.~##.#.# # ~~~♣~♣~~~~##.#.# ####.####### #.# #.# #!. #.# ## #.# Turn 113 on D:1: +1 pair of boots east of start. ......................# .......###.##.........# # .........#..#.........## .## ...........#...........#.?.# .......##..#................# ...........................## .........................### ........................## ...............#@..###..... ....##.@.......##....#..... .....##.5..... #....##....# .÷÷..#...............# #...# .÷....#..##......##.## #.# .....##### ###.## ## ..#.## #. ..### # ..# Turn 4344 on D:5: amulet of reflection in easr #~.....♣.....~#..#.)### #~..♣..♣..♣..~#.###..)## #~..♣.[♣..♣..~### ###... #~..♣♣♣♣♣♣♣..~# ##..# #~..♣..♣..♣..~# #..## #~..♣..♣..♣.[~# ##.## #~.....♣.....~# #..# #~.....♣.....~# ##.## #~.....@.....~# #.## #~~~~~~.~~~~~~# ### #######+####### Turn 6576 on D:7: Southeastern tree and water vault. Enemies are orc band with warrior and priest, sky beasts, and electric eel. Has good scrolls. #.# .##..#:. #+ ###....... #.##......P.. #.#P..P....P. #.#......... #..P.P...... #.....P####. ####....@'.o# #...)...P#[># #.)...P..####. #.))..P.P.P... #..))P...P...P #....P..P.PPP. #.<..).....PP. #...†.##.....P ####)## ###... Turn 7829 on D:9: orc warrior lair entrance ,,,,,,,.,,,,***,^..,,,,,,,**,**,, ,,,,,,.......**#.^#**,*,,,*,,,,,, ,,,,,,......#**...* ***,,.#,,,,,, ******......* *..#* *,,.#,.,,,, * *#.....**##.## **,..#..,,,, * #......##P..# *,,.....,,,, * #..........#* *,......,,,, * #.#.#####..# *#...P.#*,** ** #.#** #.@#####.......,,,, ,* #.# #............#*,*** ** #.# ###............#,,,,, ,* #†#####.#...#+##.##..#,,,,, **#####......)....#,,,..#,...,,,, ............<.....#,,,.Y#,,*.,,,, ..................#,,,..#,,,,,,,, ####.###.##).........,...,,*,,,,, ,,...,....#.......+.....#.,*,,,,, Turn 8002 on Lair:1: Gauntlet entrance just northeast of Lair entrance. Note that there are a lot of enemies in the area, such as blink frogs and yaks. I cleared them out with immolation scroll in corridor northwest of Lair entrance. #≈................... ###.................... #8#..###########...#### ###..#.........#.8.##.# #..#.#.....#.#...#.#† #####..#?.##.##..######$. #≈8≈#..#..##†##..#...#.## #...#..#©.#†©.#..#©.©#©.# #.8.#..#@.##.##..#...#)## #...#..#[.##.##..#####.## #.8.#..#.#.....#.#...#... #...#..#.........#...##.# #...#§.###########...#### #.©.#≈§............≈..... .....#∩............≈8≈.... .#.©.#§§............§..... #...#..###########...#### Turn 8660 on Gauntlet: +2 pair of gloves of hurling #§.... ###..... #8#..### ###..#.. #..#.# #####..#.. #≈8§#..#.. ##########...#..#©. ####X@#.....#.8.#..#[. #...)######.#...#..#[. #.#### #.#.8.#..#.# #.#.. #.#...#..#.. #.#.# #.#...#..### #.#.# #.#.©.#§.... #.#.# # #.....#∩.... #.#.# ⌠# #.#.©.#≈.... #...##.# #.#...#..### Turn 8759 on Gauntlet: Used up all my curing potions to survive. :) .....o.o.#..... ...o........... ....o.......$. .$...<$.....# .........<.# ........T.# .........# .......@# .......## ......# .....# ..$.# ...# T.# ## Turn 13971 on Orc:2: Pandemonium vault. #.....#..# #.....#..# #.....#..# #........# #........### #..........# #..........# #..........# #..@#####..# #..........# #..........# #..(:?..... #.)###?.... ..)#8#|.... #..?###/..#+ #...!)$...# Turn 16266 on D:11: orange crystal statue with loot in the west

÷.......# #......................
.[......###................).....
..............#..................
..........^..###..........###....
..............#...........# #....
....................#.....###....
.................................
.................................
...###....#.....@................
...# #....##...>.>...............
...###....#.....>................
...............................(.
.....................#...........
....................###...###....
..............#......#....# #....
.............###..........###....
..............#.......)..........


Turn 18378 on D:13: This floor is wide open, with its upstairs in the east and
the downstairs in the center. Uniques and other dangerous enemies spawn in the
western half. Downhatch in northwest, uphatch in south. My time here was
chaotic; poison scrolls took care of Frances and Jorgrun, among other enemies.
≈≈≈≈≈~..###...~~~~~~..P~~~~..~≈≈≈ ≈≈≈≈≈~..# ###.~P~~P....~~~~~.~≈~~
≈≈≈≈≈~~.####.~~~P~P..##.~~~~≈≈~~~ ≈≈≈≈≈≈~......~~~~~..###.~~~≈≈~.~~
≈≈≈≈≈≈≈~~~..P~.~~)P.###....>.~~.~ ≈≈≈≈≈≈≈~~..~~..P~~~....##....~~..
≈≈≈≈≈≈~P..P...~~~~....###...~~... ≈≈≈≈≈≈~~.......~~P~..)..###.~...?
≈≈≈≈≈≈P~PP####.~@~~~~)).###...... ≈≈≈≈≈≈~~.## #.C~≈~~~~~.~~....... ≈≈≈≈≈≈~~.##
#..≈≈≈≈~~~.~~~.~~... ≈≈≈≈≈≈≈PP.####.~~≈≈~~~~.~~~~~~...
≈≈≈≈≈~P~.....#.~≈≈~~~~..~~~~~~... ≈≈~~~PP~~~~P...~~~~~~...~~~~.....
≈~~~~PPP~~~~~~~~~~............... ≈P~~..PP......~~~~...............
≈~~..##.P......~~~~~.?#.<........ Turn 26168 on Shoals:3: frost giant
......~~......~~~~~~..~.......~~~ ......~~##'##~###~~~~.~~.....~~~~
.....~####~#######~~~~~~......~~~ ~~..#####~~####8###≈≈~~~.........
≈≈≈###~~~~###~~~~##≈≈~~.......... ≈≈###~~~~###~~~~~~##≈≈~..........
≈≈##~~~8###~~~#~~~##≈≈~..####...# ≈≈###~~###~~~###'###)~~....##..##
≈≈≈##~~~~~~~## #@~##≈≈~~~..##.... ≈≈≈≈###~~~### #~~~##≈≈~~~.....<.. ≈≈≈≈#######
#~~~~##≈≈≈~~...#...~ ≈≈≈≈≈# #### ~~~~~~##≈≈≈~~~.##...~ ≈≈≈≈##
8~~~~~~~~~###≈≈≈≈~~~....~~ ≈≈≈## !~~~~~~~~~####≈≈≈≈~~~...~~~ ≈≈≈# #?$C~~...~~
##≈≈≈≈≈~~~~~~~~~ ≈≈≈###[~~~..~~~###~~≈≈≈≈≈~~~~~~~≈ ≈≈≈≈## ##.~~≈≈≈≈≈≈~~~~~~~
Turn 26258 on Shoals:3: giants vault at center of floor
###≈≈≈≈≈≈≈≈≈≈≈≈≈≈≈≈≈≈≈≈≈≈### ###≈≈≈≈≈≈≈≈≈mH≈≈≈≈≈≈≈≈≈#$.~.
###≈≈≈≈≈≈≈≈m≈~~~~~~~~~.#...# ###≈≈≈≈≈≈≈≈≈~~~~~~~~ #...## ###≈≈≈≈≈≈≈≈~~~~~~~~
#...##. ###≈≈≈≈≈≈m~c~~~~~~~ ...##.. ###≈≈≈≈≈≈~~E...~~~. ..##~..
###≈≈≈≈≈≈~~P..P..~. ~. ###. ###≈≈≈≈≈≈~.@<..P.~# ##.. ###≈≈≈≈≈≈~..##.c.~# #.~.
###≈≈≈≈≈≈~..#....~. #)~. ###≈≈≈≈≈≈~.<.....~. #... ##≈≈≈≈≈≈~<...P..~. #...
#≈≈≈≈≈≈~.............. #......................... ##########################
Turn 31261 on Snake:3: Snake Pit:3 is a floor consisting of wide open halls of
stone walls. #.# ##..## #...# #.# ##..## #.<.## #.########..##### ##...#
#.#..............# #..#..# #.#......##......# #.###.. #....##~~##~~##..### #.#
#. ##...##......##.[..# #.# # ##..~........~..#.###.# #..~.....@..~..#.##..#
#.##........##...)).## #.##........##.###### #..~........~..# #..~........~..#
#..##......##.^# #..##~~##~~##..# ### #......##......## ###.##
#...............#####...)) Turn 32021 on Snake:4: Vault with TONS OF dudes but
no rune. At least it is accessed via a few chokepoints. #....###....# #.#
##...##.##...## #.# #...##...##...# #.. ##.............## ##. #.....8...8.....#
#. #..⌠.........⌠..# ## #.....8...8.....# # #...............# #.....8.@.8.....#
#...⌠.......⌠...# #### #.....8)..8.....# ###... #...............# ##.....
#.....8...8.....# #.....) ##.⌠.........⌠.####...... #....8...8.)..#.........
##........)..###........ #.....⌠...).# #........ Turn 32973 on Snake:4: Rune
vault in northeast. I think it has slightly more dudes than the southern vault.
# #. ..# #. #..# ##### ####.####..# ..... .......#.[# ..... #....#..# ...^.
#....#..# ..... #.......# ###############.@..# ...................#
...................# #################### Turn 41437 on Vaults:5: Lich spawns in
the absolute southeast corner of Vaults:5. .##..........##.[# .....##....)..[..#
.....##......)...#....# .##......##..)..:#....# .##.^....##.....|#....#..#
.....##......##.[#....#..# .....##......##..#....#..# ..............|.:#....#..#
........))::)...@#....#..# .#################.####..# ......................#.[#
..)..............#....#..# †........^.......#....#..# )................#.......#
#####################....# .........................# .........................#
Turn 41515 on Vaults:5: Silver rune in southeast quadrant ######### #W......
#...H.. #....##### #......... #.@# #..# #..# #..# #..# #..# #..# #..# #..# Turn
41639 on Vaults:5: Phantasmal warrior in THE ABSOLUTE nnorthwest corner.
#..#.#.#.#.#.#.#.#. .# #..#.............. .. #..#.#.##.##..##.# .#
#..#...##.##..##.##..##. #..#.#...|.............: #..#...##.##..##.##..##.
#..#.#.##.##))##.# # #..#.......)).##.## #..#.#.##.##..#§@§# #..#...##.##..#..§#
#..#.#.##.##..#...# #..# .........##.## #..# ##.##..##.# #.#.# #..# #.##..##.#
#...# . #..# # .........:. ..#.# .. #..#...##.# #.# # #...#... #..#.#.##.#
##.##.#.#... Turn 41768 on Vaults:5: Fake run in northwest quadrant.
#..#.#.##.##))##.# # #..#.......)).##.## #..#.#.##.##..#...# #..#...##.##..#...#
#..#.#.##.##..#...# #..# .........##.## #..# ##.##..##.# # #.#.# #..#
#.##..##.##..##. #...# . #..# # .........@......: ..#.# ..
#..#...##.##..##.##..##. #...#... #..#.#.##.##. #.# .##.##.#.#... #..#..... ..
... ........#... #..#.#.#.#. #.# #.#.#.#.#.#... #......... ... ..............
#....#######################..... #................................
#..............................<< Turn 41775 on Vaults:5: manual of polearms
.............. #.................C...# #....)........ .......# .......#######
.......# ......## ### .......## .....## C.C.###.......# .....# ..C.D.#.......#
.....# C∩X...........# .....# #@.....# .....## ##......# ......## ##.......#
.......#######.......## ....................## ....................#
.....................# ......................# ...............#####...# Turn
42031 on Vaults:5: Nasty enemies surrounding book shop in northeast quadrant!
...##............... ...###.............. ......# ...# ##.....................#
...# ##....)........ .......# ...###.......####### .......# ...##.......########
.......## ...##......###.....###.......# ...##......##........#.......#
...#.......##...@............# ...#.......##[.......#......#
...#.......###.....###......# ...##.......#########.).....#
...##........#######.......## ...##.....................##
...##.....................# ...##......................#
...#..(.....................# Turn 42290 on Vaults:5: 1600 gold for manual of
dodging # +# + .# .# .# .# #♣.# #..# ♣@♣# #..# # #♣.# ## #'### ##. ##...#+ #..
##.....##########.. ##........'......'.. #.........########.. #.........# #..
Turn 43832 on Elf:1: 1360 gold for manual of short blades. #####...?..#..
#...##.....#.. #...)......#.. #..#...<...#.. ##..#.#....# .#...#.....#
......#.#....# .............# .....)...@...# .............# .>...........#
.............+. ............#... ...........#... ...........# .. ...(.......#
Turn 44199 on Elf:2: Boomerangs > high level conjuration spells. B) ,,*
**###......### ,,* #.###### ,,*** #.# #..,*#######.## ..#,,.........######
..#**#.............# ..# #############.####### .#* *###|.))|#.......#### .###
***.|:...)@#..........### #..# **,,:.).....#....#.......## ..#*
*,,,..:####'##..###......)# ..# **,,,.###.....#...####.....## ..#
*,,,,##.....⌠.#....#####....# ..# *,,,*#........##.....####...#
..#**,,,*...####...#.......###..# #)#*,,,#*..** ##..##.......#.... ..##,,,#..,*
#...###.......... Turn 46731 on Elf:3: manual of maces and flails ,,* *,,,,*
#.###### *** ***,,*** #.# * *#..,*#######.## ##* ###..#,,.........###### ..*
#....#**#.............# #.###....# #############.####### #..#....#*
####|.))|#.......# *#......### ###.|:...).#........ ##....#..#
##..@.).....#....#... ##.......#* #.....:####'##..###.. #..#.....#
*#)...###.....#...#### #.###....# #|.|)##.....⌠.#....### ..# #....#
#|.:##........##.....# ### ###..#*#)|.*...####...#...... # ##)##|..#*..**
##..##..... ### ###..##...#..,* #...###... ..# #....)#,,,#..,* #)....#### Turn
46748 on Elf:3: manual of axes (.. ## ###.# .### (w...#####... ..........
#...#.. #)#.# # #.#Q# # #...#...###...# .(.C....@....# .........w####
#######..... #..###?. #w.. ... ....# .. ..... # #...## Turn 48073 on Depths:1:
Lots of tyrant leeches nearby. (.. ## ###.# .### (w...#####... ..........
#...#.. #)#.# # #.#w# # #...#...###...# .(...w.C@....# .......BwB####
#######.°... #°.###?. #... ... ....# .. ..... # #...## Turn 48082 on Depths:1:
Boulder beetles too. (.. ## ###.# .### (w...#####... . ..........## .. #...#C...
... #)#.#. ... # #.#.T .. # #...#.TT#.#...# .(.....)@B...# ........[T####
#######..... #..###?. #BD. °.. ..BQ# .. ..... # #...## Turn 48102 on Depths:1:
Lots of other enemies will follow! ..†............................##
............#######.............. ....).......#♣♣♣♣♣##...........##
.#.....####.#♣...♣♣######........ .#.....# #.#♣..∩.♣♣ ##....... .###...#
#.#♣.....♣ #∩...... ## ##### #..∩.⌠.∩.♣ ###....... ###♣.....♣ #.^....... ♣..@.♣♣
#...>..... ♣...♣♣ #.....)... ♣♣♣♣♣ ####...... ### #)..... #.# #...... #.#
#...... ###.# #...... ##...#### #...... ###..#....### #...... Turn 48689 on
Depths:1: 1600 gold for manual of invocations #≈≈≈≈≈≈≈≈≈..≈≈.≈≈≈###≈..≈≈≈≈##≈
#≈≈≈≈≈#≈≈.≈≈≈≈≈.≈≈≈≈≈≈..≈≈≈#### #≈≈≈≈≈≈≈.^≈##≈≈...≈≈≈...≈≈## #
#≈≈≈≈≈≈..≈###≈≈.........≈≈## ## #≈≈≈≈≈..≈≈###≈≈..≈..≈...≈≈≈###≈
##≈≈≈≈≈.≈≈##≈≈.....≈≈≈..≈≈≈#≈≈≈ #≈≈≈≈≈.≈≈≈≈≈≈....≈≈#≈≈.≈≈≈≈≈.≈
#≈≈≈≈≈..≈≈≈≈≈...≈≈###≈≈.≈≈..≈≈ ###≈≈≈≈...≈≈≈.@.≈≈## #≈≈≈...≈≈#
#≈≈≈≈≈≈≈≈≈.....≈≈## #≈≈≈≈.≈≈## #≈≈≈≈≈≈≈≈≈≈≈≈.≈≈## ##≈≈≈..≈≈≈# ##≈≈≈#######≈.≈≈#
##≈≈≈≈..≈≈≈≈ ##≈≈≈## #≈≈.≈####≈≈≈...≈...≈ #≈≈≈≈≈# ##≈.≈≈≈≈≈≈..≈≈≈≈≈.≈≈ #≈≈≈≈≈##
##≈.≈≈≈≈..≈≈≈##≈≈.≈# ##≈≈≈≈≈### #≈≈..≈...≈≈#####≈.≈# ##≈≈≈≈≈≈###≈≈....≈≈≈##
#≈≈≈# Turn 50546 on Coc:1: First floor has ice fiend. Downstairs in center of
floor, southwards from entrance. ##### ### ##≈≈≈## #≈## ###≈≈#≈≈###≈≈##
##≈≈≈###≈.≈...≈### ####≈≈≈## ##≈.≈≈@∩.≈##≈. #≈#≈≈≈## #≈.≈##≈..≈≈..# ##≈≈###
#≈.≈###≈.^..≈# #≈≈≈# ##≈..≈###≈≈.≈## ##≈≈## ##≈....≈≈≈≈..≈#
##≈≈####≈..≈≈...≈≈...# #≈≈##≈≈.≈###≈.......≈# #≈.≈≈..≈## ##≈...≈≈..# #≈....≈##
#≈...≈≈≈≈. Turn 50741 on Coc:2: Alarm trap near entrance. Wellspring water
covers it, though. Hope you got some stealth! #≈≈≈..≈..≈###≈..≈≈# #≈≈≈....≈##
##..≈≈# ###≈≈≈...≈## #..≈≈# ≈≈#≈≈≈>.≈## #≈.≈≈#### ...≈≈≈.≈≈# #≈..≈≈≈≈#
.......≈## #≈....≈## ≈≈....≈≈# ###≈...≈≈# ≈≈≈...^≈######≈.....≈##
≈≈≈≈....≈≈≈≈≈...@...≈## ≈≈≈≈≈...............≈≈## ..........≈≈....^....≈≈#
≈........≈≈≈≈..≈≈≈...≈≈# #≈≈≈≈....≈≈##≈≈≈##≈≈≈≈## #≈≈≈≈≈≈≈≈≈####≈########
≈###≈≈##≈≈# ### ## ######≈# ### Turn 51127 on Coc:2: alarm trap in south
#≈≈##≈≈.≈###≈.......≈####≈≈## #≈.≈≈..≈## ##≈...≈≈..#≈≈≈≈## #≈....≈##
#≈...≈≈≈≈..≈..≈# #......≈####≈..≈≈###≈...≈## .≈.......≈#≈...≈≈≈≈≈≈.≈.≈###
≈≈≈≈≈.....≈≈...≈≈≈≈...≈≈≈≈≈# ≈≈≈≈≈≈≈≈..............≈≈####
##≈###≈≈≈.........≈≈..≈≈# #### ##≈≈≈..≈≈..@##≈..≈≈# ## #≈≈≈..≈..≈###≈..≈≈# ≈###
#≈≈≈....≈## ##..≈≈# ≈≈≈####≈≈≈...≈## #..≈≈# ≈...≈≈#≈≈≈>.≈## #≈.≈≈####
≈≈.....≈≈≈.≈≈# #≈..≈≈≈≈# ≈≈≈≈.......≈## #≈....≈## ##≈)≈≈....≈≈# ###≈...≈≈#
####≈≈≈...^≈######≈.....≈## Turn 51157 on Coc:2: This floor also contains a
wendigo. Plenty of places to hide in the west for fliers and merfolk. #####
#≈#≈# ##≈## #≈# ##≈## #≈≈# #≈≈######≈≈###≈≈ #≈.≈#≈≈≈..≈≈≈≈≈. #≈.@............
##≈....≈≈≈.....≈≈ ##≈>.≈...≈≈....≈≈≈ ≈≈≈≈..≈≈≈≈.....≈≈≈# ≈....≈###≈≈....≈≈#
#≈...≈ ###≈∩..≈≈### #≈...^ ##≈....≈≈# ≈..... #≈......≈ ≈.... #≈....... Turn
51192 on Coc:3: Downstairs just west of entrance. Beware of nearby alarm trap.
≈≈≈≈...Z.≈≈≈### ≈≈≈≈≈.R≈ZR≈≈≈≈≈ ≈≈≈≈≈R.≈≈..≈≈≈≈ ≈≈≈≈≈.Z≈≈≈.J... ≈≈.≈≈.Z≈≈≈.≈≈≈≈
#≈≈.≈Z..≈..≈≈≈≈ #≈≈.≈..≈.≈≈# #≈≈..@≈.≈≈# ##≈≈C≈≈≈≈## #≈≈≈≈≈≈≈≈≈≈≈ ##≈≈≈≈≈≈≈≈≈≈
#≈≈E≈≈≈≈≈≈≈ ##≈≈####### ≈≈≈# ≈≈## Turn 51401 on Coc:4: Jamboree! #≈≈.≈Z..≈..≈≈≈≈
#≈≈.≈..≈.≈≈# #≈≈..§≈.≈≈# ##≈≈C≈≈≈≈## #≈≈≈≈≈≈≈≈≈≈≈ ##≈≈≈≈≈≈≈≈≈≈ ####≈≈≈≈≈≈≈≈≈≈
#≈###≈≈####### ##≈@○≈≈# ##≈≈≈## ##≈## ### Turn 51414 on Coc:4: If you're flying
or merfolk, blink to the south! There's a little killhole place here. :)

Levels and vault maps discovered:
D:1:      ldierk_walled_garden, layout_loops_ring, serial_shops, shop,
          minmay_close_crescents
D:2:      layout_rooms, shapermc_ecumenical_altar_totnotflames, minmay_between
D:3:      layout_basic, serial_shops, shop, minmay_cupped, uniq_grinder
D:4:      layout_loops_ring, nicolae_gozag_cash_rules_everything_around_me,
          minmay_circle_x, uniq_pikel, uniq_menkaure, uniq_sigmund,
          uniq_crazy_yiuf_cottage
D:5:      layout_cave_pools, kennysheep_mini,
          minmay_temple_entry_drinking_statues, uniq_eustachio
D:6:      layout_basic, old_standard_altar, gammafunk_ghost_stat_death,
          minmay_misc_feat_more_columns
D:7:      layout_layer_cave, serial_shops, shop, kennysheep_generic_room_16,
          uniq_maggie
D:8:      layout_cave_pools, serial_shops, shop_fountains
D:9:      layout_roguey, mainiacjoe_overflow_large_starburst,
          grunt_lair_entry_orc_guard_hut
D:10:     layout_roguey, serial_shops, nicolae_shop_pleasant_corner_grove,
          uniq_grum, uniq_snorg
D:11:     layout_stronghold, minmay_protected_statue
D:12:     layout_loops_corners
D:13:     layout_big_octagon, uniq_jorgrun, uniq_frances
D:14:     hellmonk_crumbling_castle, layout_stronghold,
          minmay_misc_feat_four_crosses, minmay_more_statues, uniq_nessos
D:15:     grunt_enter_depths_hoard, layout_cave_pools,
          maelrawn_ghost_gauntlet_escape, chequers_serial_rivers_micro_d,
          uniq_agnes, uniq_roxanne
Temple:   sentei_temple_godly_chess
Lair:1:   layout_chaotic_city, gauntlet_entry_generic, grunt_megastairs_3
Lair:2:   nzn_winding_woodlands_stair_cross
          [nzn_winding_woodlands_5x15_split_checker,
          nzn_winding_woodlands_center_garden,
          nzn_winding_woodlands_5x15_zeroes, nzn_winding_woodlands_5x5_three,
          nzn_winding_woodlands_hourglass, nzn_winding_woodlands_5x15_garden,
          nzn_winding_woodlands_center_lodge,
          nzn_winding_woodlands_5x15_concentric], layout_regular_city,
          guppyfry_snake_entry_garden
Lair:3:   layout_cave_pods, nicolae_shoals_entry_roost, lemuel_fruit_tree
Lair:4:   layout_misc_corridors, slime_entry_1, st_stairs_11, grunt_megastairs_1
Lair:5:   hangedman_lair_tendril_chambers, layout_loops_ring,
          guppyfry_lair_end_dragon, uniq_josephine
Shoals:1: layout_shoals, serial_shops, shop
Shoals:2: layout_shoals, uniq_ilsuiw, uniq_donald
Shoals:3: cheibrodos_shoals_gigantism, layout_shoals, centaur_isle,
          uniq_polyphemus
Shoals:4: shoals_end_hellmonk_lost_city
Snake:1:  layout_layer_cave, basic_altar, nicolae_shop_firing_range
Snake:2:  layout_rooms, serial_corexii_hall, corexii_hall_statues_x,
          chequers_hall_statues_wall_a, corexii_hall_statues_s,
          minmay_shoptagon, serial_bayou_shore_a, uniq_louise, uniq_mlioglotl
Snake:3:  layout_grid_maze
Snake:4:  grunt_snake_rune_serpentine_throne, layout_layer_cave,
          ebering_ghost_xom, nicolae_snake_ghostly_warrior_ritual
Orc:1:    layout_diamond_mine
Orc:2:    pf_orc_diabolical, layout_caves, serial_shops,
          nicolae_shop_industrial_runoff
Elf:1:    elf_arrival_001, layout_geoelf_grid, serial_shops, nicolae_shop_trees,
          minmay_elf_demonology
Elf:2:    elven_hall_of_blades_hangedman_original
          [nicolae_blade_entry_crossed_weapons], layout_onion_city,
          nicolae_trove_entry_free_sample
Elf:3:    minmay_elf_hall_curves, layout_loops_corners, basic_altar,
          roderic_lattice_octagonal_star
Vaults:1: ontoclasm_vaults_decontamination, hangedman_vaults_variations,
          vaults_mumra_chevron, hangedman_vaults_slice, ontoclasm_vaults_bender,
          ontoclasm_vaults_claustrophobia, hangedman_vaults_stagger,
          nicolae_vaults_house_3, nicolae_vaults_storage_closets_3, v_misc_29,
          st_cells, v_pattern_4, nicolae_vaults_tetromino_L_2,
          nicolae_vaults_trapezoid_lopsided_3, layout_vaults_maze
Vaults:2: nicolae_vaults_little_squares_3, vaults_standard_mumra_lines,
          minmay_crypt_entry_simple_plaza, nicolae_vaults_little_squares_3,
          vaults_room_hangedman_quadrants, nicolae_vaults_ring_of_whatevers,
          nicolae_vaults_shrinking_rooms_1, nicolae_vaults_closet_pinwheel_3,
          nicolae_vaults_storage_room_statues,
          nicolae_vaults_trapezoid_lopsided_4, grunt_vaults_diagonal,
          ontoclasm_vaults_gateway, layout_vaults_omnibox
Vaults:3: v_misc_13, nicolae_vaults_stairing_the_circle,
          nicolae_vaults_trapezoid_lopsided_1, grunt_vaults_bifocal, st_squares,
          v_pattern_1, nicolae_vaults_tetromino_L_1,
          nicolae_vaults_little_squares_4, v_rooms_4, layout_vaults_big_room,
          serial_shops, shop, shop_statue, nicolae_lakefront_shop, shop
Vaults:4: hangedman_vaults_maws, nicolae_vaults_little_squares_1,
          nicolae_vaults_cochlea, nicolae_vaults_hallways_thing, v_misc_5,
          dpeg_vaults_monster_row, v_misc_9, nicolae_vaults_six-pack,
          layout_vaults_omnigrid
Vaults:5: uniq_bai_suzhen
Depths:1: layout_forbidden_donut, enter_ziggurat_a, hell_entry, abyss_entry,
          minmay_misc_feat_rows, hangedman_stitches_earthworm,
          grunt_megastairs_2, minmay_shop_grove
Hell
Coc:1:    layout_cocytus_water_paths
Coc:2:    layout_cocytus_water_paths, serial_ice
Coc:3:    layout_cocytus_water_paths
Coc:4:    layout_cocytus_water_paths
Coc:6:    layout_cocytus_delve

Skill      XL: |  1  2  3  4  5  6  7  8  9 10 11 12 13 14 15 16 17 18 19 20 21 22 23 24 |
---------------+-------------------------------------------------------------------------+-----
Long Blades    | 4 5 7 8 9 10 12 13 14 15 17 19 20 22 23 | 23.6
Stealth        | 1 2 4 6 8 |  8.0
Dodging        | 3 4 5 7 8 10 11 12 14 15 17 19 20 | 20.8
Shields        | 1 4 6 8 11 14 16 17 19 20 22 23 | 23.0
Fighting       | 4 5 7 8 9 10 11 12 13 14 15 16 18 19 21 22 23 | 23.3
Throwing       | 4 6 8 9 12 13 | 13.4
Armour         | 3 5 6 |  6.0
Evocations     | 1 5 7 9 |  9.0

Action                     |  1- 3 |  4- 6 |  7- 9 | 10-12 | 13-15 | 16-18 | 19-21 | 22-24 || total
---------------------------+-------+-------+-------+-------+-------+-------+-------+-------++-------
  Melee: Falchion          |   109 |   211 |   500 |  1042 |  1317 |       |       |       ||  3179
         Tailslap          |     2 |       |       |     5 |       |   141 |    12 |    84 ||   244
         Punch             |     3 |     2 |       |       |       |       |       |       ||     5
         Scimitar          |       |       |       |       |   237 |       |       |    35 ||   272
         Eudemon blade     |       |       |       |       |    34 |    40 |       |       ||    74
         Long sword        |       |       |       |       |   165 |   290 |       |       ||   455
         Demon blade       |       |       |       |       |       |  1325 |   839 |       ||  2164
         Double sword      |       |       |       |       |       |       |   907 |  1627 ||  2534
         Bite              |       |       |       |       |       |       |       |   128 ||   128
  Throw: Stone             |       |       |       |       |    20 |    36 |    20 |    31 ||   107
         Dart              |       |       |       |       |     9 |       |       |     3 ||    12
         Javelin           |       |       |       |       |       |       |     3 |     1 ||     4
         Throwing net      |       |       |       |       |       |       |     1 |     1 ||     2
         Boomerang         |       |       |       |       |       |       |       |   126 ||   126
 Invoke: Berserk           |     1 |     2 |     7 |     4 |     1 |     2 |       |       ||    17
         Trog's Hand       |       |     5 |     6 |    14 |    20 |    15 |    22 |    18 ||   100
         Brothers in Arms  |       |       |       |       |     3 |     3 |    12 |    17 ||    35
  Evoke: Wand              |       |       |     2 |     9 |    12 |    21 |     1 |    15 ||    60
         Tin of tremorston |       |       |       |       |     1 |     1 |     2 |       ||     4
         Box of beasts     |       |       |       |       |       |       |       |     1 ||     1
    Use: Potion            |       |     4 |       |     7 |     5 |    10 |     6 |     7 ||    39
         Scroll            |       |       |     7 |    22 |    19 |    19 |    13 |    21 ||   101
   Stab: Sleeping          |     1 |     1 |     2 |     6 |     9 |    16 |    16 |    15 ||    66
         Distracted        |       |       |     1 |       |       |     5 |     6 |     8 ||    20
         Invisible         |       |       |       |     7 |     1 |    11 |     1 |     3 ||    23
         Confused          |       |       |       |       |     1 |       |       |       ||     1
         Petrified         |       |       |       |       |       |     2 |       |       ||     2
         Held in net/web   |       |       |       |       |       |     1 |     4 |     3 ||     8
 Armour: Ring mail         |    46 |   101 |     5 |       |       |       |       |       ||   152
         Skin              |       |   108 |       |       |       |       |       |       ||   108
         Leather armour    |       |       |   156 |   106 |   132 |    96 |   101 |   125 ||   716
  Dodge: Dodged            |    79 |   158 |   403 |   521 |   657 |   577 |   574 |   700 ||  3669
  Block: Buckler           |       |    16 |   172 |   300 |       |       |       |       ||   488
         Reflection        |       |       |       |     5 |    39 |   215 |   185 |   177 ||   621
         Tower shield      |       |       |       |   431 |  2124 |  2191 |  2211 |  2040 ||  8997
